 Dungeon Crawl Stone Soup version 0.30-a0-451-ge042605de7 (webtiles) character file.

Game seed: 5850533694229537888

210 billz999 the Skirmisher (level 5, -14/43 HPs)
             Began as a Gnoll Hunter on Dec 11, 2022.
             Was an Initiate of Kikubaaqudgha.
             Demolished by Duvessa
             ... wielding a +0 rapier
              (19 damage)
             ... on level 4 of the Dungeon.
             The game lasted 00:03:14 (2464 turns).

billz999 the Skirmisher (Gnoll Hunter)              Turns: 2464, Time: 00:03:15

Health: -14/43     AC:  3    Str: 10    XL:     5   Next: 87%
Magic:  7/7        EV: 14    Int:  9    God:    Kikubaaqudgha [......]
Gold:   245        SH:  0    Dex: 17    Spells: 7/7 levels left

rFire   . . .      SeeInvis .    a - +0 shortbow
rCold   . . .      Faith    .    (shield currently unavailable)
rNeg    . . .      Spirit   .    c - +0 leather armour
rPois   .          Reflect  .    (no helmet)
rElec   .          Harm     .    (no cloak)
rCorr   .          Rampage  .    (no gloves)
Will    .....                    (no boots)
Stlth   +.........               (no amulet)
HPRegen 0.27/turn                (no ring)
MPRegen 0.10/turn                (no ring)

@: lit by a corona, about to teleport, glowing
A: fangs 1, strong nose, distributed training
a: Renounce Religion


You were on level 4 of the Dungeon.
You worshipped Kikubaaqudgha.
Kikubaaqudgha was noncommittal.
You visited 2 branches of the dungeon, and saw 5 of its levels.

You collected 245 gold pieces.

Inventory:

Hand Weapons
 a - a +0 shortbow (weapon)
 h - a +4 dagger of freezing
 w - a +1 short sword of venom
Armour
 c - a +0 leather armour (worn)
Jewellery
 e - a ring of willpower
 i - a ring of protection from fire
Scrolls
 b - a scroll of immolation
 f - a scroll of blinking {unknown}
 g - 3 scrolls of identify
 k - 2 scrolls of vulnerability {unknown}
 l - a scroll of torment {unknown}
 p - a scroll of poison {unknown}
 q - 2 scrolls of teleportation
 r - a scroll of noise {unknown}
 s - a scroll of amnesia {unknown}
 t - a scroll of summoning {unknown}
 v - a scroll of silence {unknown}
 x - 2 scrolls of enchant armour {unknown}
 y - a scroll of magic mapping {unknown}
Potions
 d - 2 potions of mutation {unknown}
 j - 4 potions of brilliance {unknown}
 m - a potion of ambrosia {unknown}
 n - a potion of flight {unknown}
 o - 2 potions of lignification {unknown}
 u - a potion of curing {unknown}
 z - 2 potions of degeneration {unknown}


   Skills:
 + Level 4.9 Fighting
 + Level 1.7 Short Blades
 + Level 1.7 Long Blades
 + Level 1.7 Axes
 + Level 1.7 Maces & Flails
 + Level 1.7 Polearms
 + Level 1.7 Staves
 + Level 8.7 Ranged Weapons
 + Level 1.7 Throwing
 + Level 1.7 Armour
 + Level 4.9 Dodging
 + Level 2.9 Stealth
 + Level 1.7 Shields
 + Level 1.7 Unarmed Combat
 + Level 1.7 Spellcasting
 + Level 1.3 Conjurations
 + Level 1.3 Hexes
 + Level 1.3 Summonings
 + Level 1.3 Necromancy
 + Level 1.3 Translocations
 + Level 1.3 Transmutations
 + Level 1.3 Fire Magic
 + Level 1.3 Ice Magic
 + Level 1.3 Air Magic
 + Level 1.3 Earth Magic
 + Level 1.3 Poison Magic
 + Level 2.0 Invocations
 + Level 1.7 Evocations


You had 7 spell levels left.
You didn't know any spells.
Your spell library contained the following spells:

 Spells                   Type           Power      Damage    Failure   Level
 Call Canine Familiar     Summ           3%         N/A       61%         3
 Tukima's Dance           Hex            3%         N/A       61%         3
 Animate Armour           Summ/Erth      6%         N/A       95%         4
 Iskenderun's Mystic Bla  Conj/Tloc      3%         2d3       95%         4
 Passage of Golubria      Tloc           3%         N/A       95%         4
 Summon Ice Beast         Ice/Summ       3%         N/A       95%         4
 Yara's Violent Unravell  Hex/Tmut       1%         3d3       100%        5


Dungeon Overview and Level Annotations

Branches:
Dungeon (4/15)             Temple (1/1) D:4

Altars:
Ashenzari
Cheibriados
Dithmenos
Elyvilon
Fedhas
Gozag
Hepliaklqana
Kikubaaqudgha
Makhleb
Nemelex Xobeh
Qazlal
Sif Muna
Trog
Uskayaw
Vehumet
Wu Jian
Xom
Yredelemnul
Zin

Annotations:
D:4 Duvessa


Innate Abilities, Weirdness & Mutations

You have very sharp teeth.
Your uncanny sense of smell can sniff out nearby items.
Your experience applies equally to all skills.


Message History

You shoot an arrow.
The arrow hits Dowan but does no damage.
Dowan casts a spell at you.
You are outlined in light.
Dowan is nearby!
You shoot an arrow. The arrow hits Dowan.
Dowan is moderately wounded.
Unknown command.
You shoot an arrow. The arrow hits Dowan!
Dowan is heavily wounded.
You shoot an arrow. The arrow hits Dowan!
Dowan is almost dead.
Dowan gestures at something while chanting.
You hear a shout!
You shoot an arrow. The arrow closely misses Dowan.
Duvessa, Sister of Dowan comes into view.
She is wielding a +0 rapier.
You shoot an arrow. The arrow closely misses Dowan.
Dowan points at you and mumbles some strange words.
The puff of flame hits you!
Unknown command.
You shoot an arrow. The arrow hits Dowan.
You kill Dowan!
Kikubaaqudgha accepts your kill.
You hear a distant scream of rage.
Your Invocations skill increases to level 2!
Unknown command.
You aren't carrying any items that you can evoke.
Unknown command.
As you read the scroll labelled COTIEF BUNATS, it crumbles to dust.
It is a scroll of identify.
q - 3 scrolls of teleportation Duvessa goes berserk!
As you read the scroll of teleportation, it crumbles to dust.
You feel strangely unstable. Duvessa hits you with a +0 rapier! x2
* * * LOW HITPOINT WARNING * * *
Duvessa attacks as you move away! Duvessa closely misses you.
Duvessa rages.
Duvessa attacks as you move away! Duvessa hits you with a +0 rapier!!
You die...
Kikubaaqudgha rasps: "You have failed me!
Welcome... death!"

................. #..≈^≈
....................≈.
...##...............≈ #### ###
##.............. ...∆
#.............##. #>.#
##(#............. ..#
###.#............. ..
##...##...........# #.
#..#...####.#.@......##.####.#.
#.........##.##e..##..#....##.#.
.......#...#..#............##..#
.....#.##......)...............#
#...##........##...##...........
#####..........#.### #..........
##........#...#..#..........
###..######................ ####
.........e......


You could see Duvessa (berserk, fast).

Vanquished Creatures
  Dowan (D:4)
  A jelly (D:3)
  A hound (D:4)
  3 adders
  2 dart slugs (D:2)
  2 orcs (D:3)
  5 endoplasms
  3 giant cockroaches
  6 goblins
  4 hobgoblins
  3 jackals (D:3)
  2 quokkas
  8 ball pythons
  3 bats
  3 frilled lizards
  9 kobolds
  10 rats
66 creatures vanquished.

Notes
Turn   | Place    | Note
-------+----------+-------------------------------------------
     0 | D:1      | billz999 the Gnoll Hunter began the quest for the Orb.
     0 | D:1      | Reached XP level 1. HP: 20/20 MP: 1/1
   113 | D:1      | Got the Parchment of the Amassed Traveller
   283 | D:1      | Reached XP level 2. HP: 26/26 MP: 2/2
  1022 | D:2      | Reached XP level 3. HP: 31/31 MP: 3/3
  1098 | D:2      | Reached skill level 1 in Invocations
  1408 | D:2      | Reached skill level 1 in Short Blades
  1408 | D:2      | Reached skill level 1 in Long Blades
  1408 | D:2      | Reached skill level 1 in Axes
  1408 | D:2      | Reached skill level 1 in Maces & Flails
  1408 | D:2      | Reached skill level 1 in Polearms
  1408 | D:2      | Reached skill level 1 in Staves
  1408 | D:2      | Reached skill level 1 in Throwing
  1408 | D:2      | Reached skill level 1 in Armour
  1408 | D:2      | Reached skill level 1 in Shields
  1408 | D:2      | Reached skill level 1 in Unarmed Combat
  1408 | D:2      | Reached skill level 1 in Spellcasting
  1408 | D:2      | Reached skill level 1 in Evocations
  1584 | D:3      | Reached XP level 4. HP: 38/38 MP: 5/5
  1819 | D:3      | Reached skill level 1 in Conjurations
  1819 | D:3      | Reached skill level 1 in Hexes
  1819 | D:3      | Reached skill level 1 in Summonings
  1819 | D:3      | Reached skill level 1 in Necromancy
  1819 | D:3      | Reached skill level 1 in Translocations
  1819 | D:3      | Reached skill level 1 in Transmutations
  1819 | D:3      | Reached skill level 1 in Fire Magic
  1819 | D:3      | Reached skill level 1 in Ice Magic
  1819 | D:3      | Reached skill level 1 in Air Magic
  1819 | D:3      | Reached skill level 1 in Earth Magic
  1819 | D:3      | Reached skill level 1 in Poison Magic
  2091 | D:4      | Reached XP level 5. HP: 43/43 MP: 7/7
  2119 | D:4      | Found a staircase to the Ecumenical Temple.
  2197 | D:4      | Noticed Dowan
  2267 | Temple   | Entered the Ecumenical Temple
  2306 | Temple   | Became a worshipper of Kikubaaqudgha
  2457 | D:4      | Noticed Duvessa
  2459 | D:4      | Killed Dowan
  2464 | D:4      | Demolished by Duvessa

Illustrated notes

Levels and vault maps discovered:
D:1:      minmay_arrival_stone_box, layout_loops_corners,
          hangedman_decor_growths, minmay_pentomino_s4
D:2:      layout_basic, minmay_box_of_dots
D:3:      layout_rooms
D:4:      layout_cave_pools, nicolae_ru_path_of_blood,
          minmay_temple_entry_crystal_x, uniq_duvessa
Temple:   hellmonk_temple_of_storms

Skill      XL: |  1  2  3  4  5 |
---------------+----------------+-----
Invocations    | 1 2 |  2.0
Short Blades   | 1 |  1.7
Long Blades    | 1 |  1.7
Axes           | 1 |  1.7
Maces & Flails | 1 |  1.7
Polearms       | 1 |  1.7
Staves         | 1 |  1.7
Throwing       | 1 |  1.7
Armour         | 1 |  1.7
Shields        | 1 |  1.7
Unarmed Combat | 1 |  1.7
Spellcasting   | 1 |  1.7
Evocations     | 1 |  1.7
Conjurations   | 1 |  1.3
Hexes          | 1 |  1.3
Summonings     | 1 |  1.3
Necromancy     | 1 |  1.3
Translocations | 1 |  1.3
Transmutations | 1 |  1.3
Fire Magic     | 1 |  1.3
Ice Magic      | 1 |  1.3
Air Magic      | 1 |  1.3
Earth Magic    | 1 |  1.3
Poison Magic   | 1 |  1.3
Fighting       | |  4.9
Ranged Weapons | |  8.7
Dodging        | |  4.9
Stealth        | |  2.9

Action                   |  1- 3 |  4- 6 || total
-------------------------+-------+-------++-------
 Fire: Shortbow          |    84 |    66 ||   150
  Use: Scroll            |       |     2 ||     2
Armor: Leather armour    |     4 |     5 ||     9
Dodge: Dodged            |     9 |    20 ||    29

Table legend: (Time is in decaauts)
 A = Elapsed time spent in this place.
 B = Non-inter-level travel time spent in this place.
 C = Inter-level travel time spent in this place.
 D = Time resting spent in this place.
 E = Time spent auto-exploring this place.
 F = Levels seen in this place.
 G = Mean time per level.
                   A        B        C        D        E       F      G
               +--------+--------+--------+--------+--------+-----+--------+
         Total |   2481 |   2319 |    162 |      0 |   1986 |   5 |  496.2 |
       Dungeon |   2428 |   2284 |    144 |      0 |   1968 |   4 |  607.0 |
        Temple |     52 |     34 |     18 |      0 |     18 |   1 |   52.0 |
               +--------+--------+--------+--------+--------+-----+--------+

Top non-repeatable levels by time:
     D:1: 950 daAuts
     D:2: 630 daAuts
     D:3: 501 daAuts
     D:4: 346 daAuts
  Temple: 52 daAuts
